 Dungeon Crawl Stone Soup version 0.18-a0-801-gb01a236 (webtiles) character file.

95 JokEr the Magician (level 4, 24/24 HPs)
             Began as a Deep Elf Wizard on Dec 14, 2015.
             Quit the game on level 2 of the Dungeon on Dec 15, 2015.
             The game lasted 00:08:50 (1892 turns).

JokEr the Magician (Deep Elf Wizard)                Turns: 1892, Time: 00:08:50

Health: 24/24      AC:  3    Str:  4    XL:     4   Next: 39%
Magic:  10/13      EV: 12    Int: 27    God:
Gold:   42         SH:  0    Dex: 13    Spells: 5 memorised, 3 levels left

rFire  . . .     SeeInvis .     (no weapon)
rCold  . . .     Clarity  .     a - +1 robe
rNeg   . . .     SustAt   .     (no shield)
rPois  .         Gourm    .     b - +0 hat
rElec  .         Spirit   .     (no cloak)
rCorr  .         Dismiss  .     (no gloves)
rMut   .         Stasis   .     (no boots)
MR     .....                    (no amulet)
Stlth  ++........               (no ring)
                                m - +3 ring of intelligence

@: not resistant to hostile enchantments, unstealthy
A: no striking features
a: no special abilities


You were on level 2 of the Dungeon.
You were not hungry.

You visited 1 branch of the dungeon, and saw 2 of its levels.

You collected 42 gold pieces.

Inventory:

Armour
 a - a +1 robe (worn)
 b - a +0 hat (worn)
Jewellery
 m - a +3 ring of intelligence (left hand)
Scrolls
 g - a scroll of remove curse
 h - a scroll of recharging
Potions
 e - a potion of flight {unknown}
Books
 c - a book of Minor Magic

   Spells                             Type                      Level
   a - Magic Dart                     Conjuration                  1
   b - Blink                          Translocation                2
   c - Call Imp                       Summoning                    2
   d - Repel Missiles                 Charms/Air                   2
   e - Slow                           Hexes                        2
   f - Conjure Flame                  Conjuration/Fire             3
   g - Mephitic Cloud                 Conjuration/Poison/Air       3
Comestibles
 d - a bread ration
 f - 7 fruits
 i - a meat ration


   Skills:
 - Level 2.4 Dodging
 - Level 2.4 Stealth
 + Level 5.7 Spellcasting
 + Level 3.5 Conjurations
   Level 1.1 Summonings
 - Level 1.1 Translocations


You had 3 spell levels left.
You knew the following spells:

 Your Spells              Type           Power        Failure   Level  Hunger
a - Magic Dart            Conj           ####         1%          1    None
b - Mephitic Cloud        Conj/Pois/Air  ##......     14%         3    None
c - Conjure Flame         Conj/Fire      ###.....     12%         3    None
d - Blink                 Tloc           N/A          8%          2    None
e - Repel Missiles        Chrm/Air       #.....       12%         2    None


Dungeon Overview and Level Annotations

Branches:
Dungeon (2/15)

Altars:


Message History

You kill the goblin!
Casting: Magic Dart
Confirm with . or Enter, or press ? or * to list all spells.
Aiming: Magic Dart
Press: ? - help, Shift-Dir - straight line, f - goblin
Aim: a goblin The magic dart hits the goblin.
The goblin is lightly wounded.
Casting: Magic Dart
Confirm with . or Enter, or press ? or * to list all spells.
Aiming: Magic Dart
Press: ? - help, Shift-Dir - straight line, f/p - goblin
Aim: a goblin (lightly wounded)
The magic dart hits the goblin.
You kill the goblin!
Welcome back, JokEr the Deep Elf Wizard.
Press ? for a list of commands and other information.
Unknown command.
Unknown command.
Are you sure you want to abandon this character and quit the game? (Confirm with "yes".)

### ## ... .# #.#
##)# #.###@#
#...######
#.#######.##.....
#............#
#.#######.####
#..# #.g######
#....g..#
#.#####.#


There were no monsters in sight!

Vanquished Creatures
  Natasha (D:2)
  Robin (D:2)
  An adder (D:2)
  A giant gecko (D:1)
  3 giant cockroaches (D:1)
  10 goblins
  7 hobgoblins
  4 bats
  A giant newt (D:1)
  4 jackals (D:1)
  9 kobolds
  2 rats (D:1)
44 creatures vanquished.

Notes
Turn   | Place    | Note
--------------------------------------------------------------
     0 | D:1      | JokEr the Deep Elf Wizard began the quest for the Orb.
     0 | D:1      | Reached XP level 1. HP: 10/10 MP: 7/7
   172 | D:1      | Reached XP level 2. HP: 10/15 MP: 0/9
   872 | D:1      | Reached skill level 5 in Spellcasting
   872 | D:1      | Reached XP level 3. HP: 19/19 MP: 7/11
  1185 | D:2      | Noticed Natasha
  1191 | D:2      | Killed Natasha
  1463 | D:2      | Learned a level 3 spell: Mephitic Cloud
  1467 | D:2      | Learned a level 3 spell: Conjure Flame
  1470 | D:2      | Learned a level 2 spell: Blink
  1473 | D:2      | Learned a level 2 spell: Repel Missiles
  1488 | D:2      | Reached XP level 4. HP: 20/24 MP: 8/13
  1625 | D:2      | Noticed Robin
  1631 | D:2      | Killed Robin
  1892 | D:2      | Quit the game

Vault maps used:
D:1:      eino_arrival_cavern_e
D:2:      nemelex_xobeh_ov_fountains_minmay, first_bread,
          hangedman_decor_opposing, uniq_natasha, uniq_robin,
          uniq_crazy_yiuf_cottage

Action                   |  1- 3 |  4- 6 || total
-------------------------+-------+-------++-------
Melee: Unarmed           |     3 |     1 ||     4
 Cast: Magic Dart        |    69 |    24 ||    93
       Mephitic Cloud    |       |     1 ||     1
       Blink             |       |     1 ||     1
  Use: Scroll            |     7 |       ||     7
  Eat: Bread ration      |     1 |       ||     1
